Cogmind - Beta 13 @@@ ROGUE MODE // 2024.04.26 @ 10:48:19 Player: arkn Result: Destroyed by DAS Turret with DAS Cannon Performance ------------- Evolutions (1) 500 Regions Visited (5) 1000 Robots Destroyed (60) 300 Value Destroyed (1284) 1284 Prototype IDs (24) 480 Alien Tech Used (0) 0 Bonus (380) 380 TOTAL SCORE: 3944 Bonus ------- High Alert Combat Kills 80 Aligned with FarCom 300 Cogmind --------- Core Integrity 0/400 Matter 212/300 Energy 100/100 System Corruption 10% Temperature Cool (0) Movement Core (700) Ox13 Location -9/Exiles Parts ------- > --- POWER (1) -------- (None) > --- PROPULSION (2) --- (None) > --- UTILITY (3) ------ High-capacity Storage Unit > --- WEAPON (3) ------- (None) > --- INVENTORY (20) --- Advanced Treads Advanced Treads Advanced Treads Advanced Treads Cooling System Medium Storage Unit High-capacity Matter Pod (141) Structural Scanner Sensor Array 0b10 Alert Chip Advanced Targeting Computer Particle Cannon Heavy Assault Rifle Improved Light Cannon Improved Light Cannon Mini Grenade Launcher Plasma Cutter Katana Peak State ------------ > --- POWER ------------ Light Nuclear Core > --- PROPULSION ------- Wheel Compact Wheel > --- UTILITY ---------- Cooling System High-capacity Storage Unit Medium Armor Plating > --- WEAPON ----------- Improved Assault Rifle Improved Light Cannon Improved Light Cannon > --- INVENTORY -------- Improved Treads Advanced Treads Advanced Treads Compact Wheel Armored Wheel Medium Storage Unit Medium Battery High-capacity Matter Pod Structural Scanner Sensor Array Advanced Targeting Computer Medium Armor Plating Tractor Beam Heavy Assault Rifle Improved Light Cannon Improved Light Cannon Improved Light Cannon Improved Light Cannon Mini Grenade Launcher Plasma Cutter [Rating: 20] Favorites ----------- Power Ion Engine Engine Ion Engine Power Core Light Nuclear Core Propulsion Wheel Treads Light Treads Leg Aluminum Leg Wheel Wheel Utility High-capacity Storage Unit Device Tractor Beam Storage High-capacity Storage Unit Hackware Hacking Suite Protection Light Armor Plating Weapon Improved Light Cannon Energy Gun EM Pulse Gun Ballistic Gun Heavy Assault Rifle Ballistic Cannon Improved Light Cannon Build | -11 -10 -10 -9 -9 -9 ------- Run | Yrd Mat Min Mat Min Exi Slots Evolved 2 | . . . 2 . . Power . | . . . . . . Propulsion . | . . . . . . Utility 1 | . . . 1 . . Weapon 1 | . . . 1 . . Parts Attached 51 | 1 17 4 23 2 4 Power 4 | . 1 . 3 . . Engine 2 | . 1 . 1 . . Core 2 | . . . 2 . . Reactor . | . . . . . . Propulsion 15 | . 8 1 1 2 3 Treads 2 | . 2 . . . . Leg 1 | . 1 . . . . Wheel 12 | . 5 1 1 2 3 Hover . | . . . . . . Flight . | . . . . . . Utility 19 | 1 4 3 10 . 1 Device 10 | 1 1 2 6 . . Storage 2 | . 2 . . . . Processor . | . . . . . . Hackware 1 | . 1 . . . . Protection 6 | . . 1 4 . 1 Artifact . | . . . . . . Weapon 13 | . 4 . 9 . . Energy Gun 1 | . 1 . . . . Energy Cannon . | . . . . . . Ballistic Gun 3 | . 1 . 2 . . Ballistic Cannon 9 | . 2 . 7 . . Launcher . | . . . . . . Special Weapon . | . . . . . . Impact Weapon . | . . . . . . Slashing Weapon . | . . . . . . Piercing Weapon . | . . . . . . Special Melee Weapon . | . . . . . . Unidentified Prototypes 1 | . . . 1 . . Parts Lost 17 | . 3 . 4 . 10 Power 3 | . 1 . 1 . 1 Propulsion 6 | . 2 . . . 4 Utility 2 | . . . . . 2 Weapon 6 | . . . 3 . 3 Highest Loss Streak 10 | . 1 . 3 . 10 To Critical Strikes 1 | . . . 1 . . Average Slot Usage (%) 98 | . 97 100 99 100 94 Engine 7 | . 12 14 6 . . Core 4 | . . . 4 11 10 Treads 1 | . 4 . . . . Leg 1 | . 5 . . . . Wheel 20 | . 17 28 22 22 21 Device 12 | . 8 11 14 11 10 Storage 11 | . 14 14 11 11 11 Hackware 1 | . 5 . . . . Protection 5 | . . 2 7 11 10 Ballistic Gun 6 | . 4 . 7 11 10 Ballistic Cannon 23 | . 21 28 25 22 20 Naked Turns . | . . . . . . Heaviest Build 70 | 12 54 54 70 60 64 Greatest Support 40 | 20 40 26 26 26 28 Greatest Overweight (x) 13 | . 2 2 2 2 13 Average Overweight (x) 1 | . 1 2 2 2 2 Largest Inventory Capacity 20 | 8 20 20 20 20 20 Average Capacity 18 | 8 14 20 20 20 20 Most Carried 20 | 7 20 20 20 20 20 Average Carried 17 | 6 12 20 19 20 19 Final Capacity 20 | 8 20 20 20 20 20 Final Carried 20 | 7 20 20 20 20 18 Class Distribution -------------------- 50% | Tank 31% | Mutant 17% | Skirmisher Dominant Class ---------------- Mutant | -10/Materials Mutant | -10/Mines Tank | -9/Materials Tank | -9/Mines Tank | -9/Exiles Resources | -11 -10 -10 -9 -9 -9 ----------- Run | Yrd Mat Min Mat Min Exi Matter Collected 2127 | 189 453 54 1252 171 8 Remotely 861 | . . 28 654 171 8 Salvage Created 1464 | 83 411 20 928 22 . Parts 111 | 3 35 5 65 3 . Haulers Intercepted 4 | . 2 . 2 . . Recyclers Shooed 2 | . 1 . . 1 . Parts Field Recycled . | . . . . . . Retrieved Matter . | . . . . . . Parts Self-Destructed . | . . . . . . Prevented . | . . . . . . Kills | -11 -10 -10 -9 -9 -9 ------- Run | Yrd Mat Min Mat Min Exi Combat Hostiles Destroyed 40 | . 12 3 25 . . Guns 9 | . 4 . 5 . . Cannons 31 | . 8 3 20 . . Classes Destroyed 10 | 2 5 . 2 1 . Worker 2 | . . . . 2 . Tunneler 1 | 1 . . . . . Hauler 4 | . 2 . 2 . . Recycler 4 | 1 1 . 2 . . Operator 2 | . 1 . 1 . . Watcher 7 | . 2 . 5 . . Swarmer 19 | . 6 3 10 . . Grunt 13 | . 6 . 7 . . Brawler 1 | . . . 1 . . Sentry 7 | . . . 7 . . Best Kill Streak 5 | 2 4 3 5 2 . Combat Bots Only 4 | . 4 3 4 . . Max Kills in Single Turn 2 | 1 2 1 2 1 . Gunslinging . | . . . . . . Exploded . | . . . . . . Melee . | . . . . . . Uniques/NPCs Destroyed . | . . . . . . Combat | -11 -10 -10 -9 -9 -9 -------- Run | Yrd Mat Min Mat Min Exi Hostile Shots Fired 300 | . 121 17 110 . 52 Missed 81 | . 39 3 27 . 12 Damage Taken 3273 | . 894 113 1175 . 1091 Core 633 | . 198 16 128 . 291 Absorbed by Shields . | . . . . . . Regen/Repaired (Parts) 90 | . . . 90 . . Core Remaining (%) 57 | 100 . 14 . . . Volleys Fired 145 | 6 53 5 78 3 . Largest 3 | 2 2 2 3 3 . Hottest 117 | 40 78 78 117 101 . Shots Fired 368 | 12 101 10 234 9 2 Gun 111 | 12 28 . 68 3 . Cannon 257 | . 73 10 166 6 2 Launcher . | . . . . . . Special . | . . . . . . Kinetic 364 | 12 97 10 234 9 2 Thermal . | . . . . . . Explosive . | . . . . . . Electromagnetic 4 | . 4 . . . . Robot Hit Streak 10 | 4 6 2 10 4 . Robot Miss Streak 6 | 2 4 3 6 1 2 Penetration Max . | . . . . . . Secondary Targets 1 | . 1 . . . . Max Gunslinging Chain 1 | . 1 . . . . Shots Hit Robots 170 | 8 49 4 103 6 . Core Hits 69 | 3 20 3 41 2 . Critical Kills . | . . . . . . Critical Parts Destroyed . | . . . . . . Critical Strikes 5 | . 1 . 4 . . Blast 5 | . 1 . 4 . . Melee Attacks . | . . . . . . Impact . | . . . . . . Slashing . | . . . . . . Piercing . | . . . . . . Sneak Attacks . | . . . . . . Combat Hostiles . | . . . . . . Follow-up Attacks . | . . . . . . Damage Inflicted 3335 | 86 947 83 2076 143 . Guns 834 | 86 146 . 570 32 . Cannons 2501 | . 801 83 1506 111 . Explosions . | . . . . . . Melee . | . . . . . . Ramming . | . . . . . . Kinetic 3317 | 86 929 83 2076 143 . Thermal . | . . . . . . Explosive . | . . . . . . Electromagnetic 18 | . 18 . . . . Impact . | . . . . . . Slashing . | . . . . . . Piercing . | . . . . . . Highest Corruption 10 | . 1 1 5 5 10 Average Corruption 3 | . 1 1 5 5 5 Corruption Purged . | . . . . . . Corruption Blocked . | . . . . . . Effects 30 | . 5 . 13 7 5 Message Errors 7 | . . . 3 3 1 Matter Fused 5 | . 1 . 2 . 2 Heat Flow Errors 2 | . . . 1 1 . Energy Discharges 5 | . 1 . 2 2 . Data Loss (minor) 6 | . 2 . 3 1 . Data Loss (major) 1 | . . . 1 . . Misfires 3 | . . . 1 . 2 Weapon Failures 1 | . 1 . . . . Overload Shots . | . . . . . . Overflow Damage 21 | . . . 19 2 . Projectiles 21 | . . . 19 2 . Explosions . | . . . . . . Melee . | . . . . . . Knockbacks 20 | . 9 1 7 3 . Impact . | . . . . . . Kinetic 18 | . 8 1 6 3 . Secondary 2 | . 1 . 1 . . Self-Inflicted Damage 79 | . . . 79 . . Shots 1 | . . . 1 . . Rammed . | . . . . . . Targets Rammed . | . . . . . . Kicked . | . . . . . . Crushed . | . . . . . . Highest Temperature 366 | . 288 135 366 248 2 Average Temperature 89 | . 66 70 100 88 1 Received Heat Transfer 762 | . 435 . 327 . . Effects 2 | . . . 2 . . Matter Decay 2 | . . . 2 . . Siege Activations . | . . . . . . Robots Corrupted . | . . . . . . Combat Hostiles . | . . . . . . Parts Fried . | . . . . . . Impact Corruptions . | . . . . . . Robots Melted . | . . . . . . Combat Hostiles . | . . . . . . Parts Melted . | . . . . . . Heat Transferred . | . . . . . . Parts Sabotaged . | . . . . . . Parts Stolen . | . . . . . . Parts Stripped . | . . . . . . Power Chain Reactions . | . . . . . . Alert | -11 -10 -10 -9 -9 -9 ------- Run | Yrd Mat Min Mat Min Exi Peak Influence 639 | 10 398 130 639 235 . Initial 225 | . 6 59 50 225 . Average 258 | 6 206 123 296 227 . Maximum Alert Level 2 | . 1 . 2 1 . Low Security (%) 44 | 100 44 100 46 . . Level 1 33 | . 55 . 17 100 . Level 2 21 | . . . 35 . . Level 3 . | . . . . . . Level 4 . | . . . . . . Level 5 . | . . . . . . High Security . | . . . . . . Max Security . | . . . . . . Squads Dispatched 5 | . 3 . 2 . . Investigation 4 | . 2 . 2 . . Extermination . | . . . . . . Reinforcement 1 | . 1 . . . . Assault . | . . . . . . Garrison . | . . . . . . Intercept . | . . . . . . Searches Triggered . | . . . . . . Construction Impeded . | . . . . . . Haulers Reinforced . | . . . . . . Active Scanning Responses . | . . . . . . Cargo Convoy Interrupts . | . . . . . . Stealth | -11 -10 -10 -9 -9 -9 --------- Run | Yrd Mat Min Mat Min Exi Distress Signals 2 | . 1 . 1 . . Communications Jammed . | . . . . . . Distress Signals . | . . . . . . Times Spotted 70 | . 26 3 33 1 7 Peak Tracking Total 12 | . 10 3 5 2 12 Tactical Retreats 5 | . 2 . 2 . 1 Traps | -11 -10 -10 -9 -9 -9 ------- Run | Yrd Mat Min Mat Min Exi Traps Triggered 5 | . 2 . 3 . . Indirectly . | . . . . . . Trap Hack Attempts . | . . . . . . Triggered . | . . . . . . Disarmed . | . . . . . . Reprogrammed . | . . . . . . Reused . | . . . . . . Traps Extracted . | . . . . . . Installed . | . . . . . . Triggered . | . . . . . . Machines | -11 -10 -10 -9 -9 -9 ---------- Run | Yrd Mat Min Mat Min Exi Machines Disabled 9 | . 1 . 8 . . Max in Single Turn 1 | . 1 . 1 . . Machines Repaired . | . . . . . . Machines Dismantled . | . . . . . . Machines Sabotaged . | . . . . . . Overloaded Fab Kills . | . . . . . . Hacking | -11 -10 -10 -9 -9 -9 --------- Run | Yrd Mat Min Mat Min Exi Machines Accessed 12 | . 3 . 8 . 1 Terminals 8 | . 3 . 5 . . Fabricators . | . . . . . . Repair Stations 1 | . . . 1 . . Recycling Units . | . . . . . . Scanalyzers 2 | . . . 2 . . Garrison Access . | . . . . . . Total Hacks 44 | . 9 . 34 . 1 Successful 32 | . 3 . 28 . 1 Failed 12 | . 6 . 6 . . Catastrophic 3 | . 2 . 1 . . Database Lockouts . | . . . . . . Manual 25 | . 9 . 15 . 1 Terminals 25 | . 9 . 16 . . Fabricators . | . . . . . . Repair Stations 2 | . . . 2 . . Recycling Units . | . . . . . . Scanalyzers 16 | . . . 16 . . Garrison Access . | . . . . . . Terminal Hacks 5 | . 1 . 3 . 1 Robot Analysis 1 | . 1 . . . . Registered Components 2 | . . . 2 . . Zone Layout 1 | . . . 1 . . Derelict Proto ID Bank 1 | . . . . . 1 Fabricator Hacks . | . . . . . . Repair Station Hacks 2 | . . . 2 . . Scan Component 1 | . . . 1 . . Repair 1 | . . . 1 . . Recycling Unit Hacks . | . . . . . . Scanalyzer 16 | . . . 16 . . Insert Component 7 | . . . 7 . . Analyze 9 | . . . 9 . . Garrison Access Hacks . | . . . . . . Unauthorized Hacks 9 | . 2 . 7 . . Terminals 9 | . 2 . 7 . . Track 3 | . 1 . 2 . . Botnet 6 | . 1 . 5 . . Fabricators . | . . . . . . Repair Stations . | . . . . . . Recycling Units . | . . . . . . Scanalyzers . | . . . . . . Garrison Access . | . . . . . . Data Cores Recovered 1 | . . . 1 . . Used 1 | . . . 1 . . Hacking Detections 10 | . 3 . 7 . . Full Trace Events 3 | . 1 . 2 . . Feedback Events . | . . . . . . Feedback Blocked . | . . . . . . Robot Schematics Acquired . | . . . . . . Robots Built . | . . . . . . Authchips . | . . . . . . Time . | . . . . . . Total Robot Build Rating . | . . . . . . Part Schematics Acquired 7 | . . . 7 . . Parts Built . | . . . . . . Authchips . | . . . . . . Time . | . . . . . . Total Part Build Rating . | . . . . . . Parts Repaired 1 | . . . 1 . . Time 32 | . . . 32 . . Parts Recycled . | . . . . . . Recycled Matter . | . . . . . . Retrieved Matter . | . . . . . . Retrieved Components . | . . . . . . Parts Scanalyzed 7 | . . . 7 . . Part Schematics Acquired 7 | . . . 7 . . Parts Damaged 1 | . . . 1 . . Bothacking | -11 -10 -10 -9 -9 -9 ------------ Run | Yrd Mat Min Mat Min Exi Used RIF Installer . | . . . . . . Robots Hacked . | . . . . . . Non-combat . | . . . . . . Combat . | . . . . . . Robot Hacks Applied . | . . . . . . Relay Couplers Released . | . . . . . . Fabnet Peak Effective % . | . . . . . . Robots Rewired . | . . . . . . Allies Hacked . | . . . . . . Hacks Repelled . | . . . . . . Allies | -11 -10 -10 -9 -9 -9 -------- Run | Yrd Mat Min Mat Min Exi Total Allies . | . . . . . . Largest Group . | . . . . . . Highest-Rated Group . | . . . . . . Highest-Rated Ally . | . . . . . . Total Orders . | . . . . . . Ally Attacks . | . . . . . . Total Damage . | . . . . . . Kills . | . . . . . . Allies Corrupted . | . . . . . . Allies Melted . | . . . . . . Intel | -11 -10 -10 -9 -9 -9 ------- Run | Yrd Mat Min Mat Min Exi Robot Analysis Total 1 | . 1 . . . . Derelict Logs Recovered 1 | . . . . 1 . Drone Launches . | . . . . . . Drone Recoveries . | . . . . . . Exploration | -11 -10 -10 -9 -9 -9 ------------- Run | Yrd Mat Min Mat Min Exi Turns Passed 3831 | 35 999 103 2188 275 231 Spaces Moved 2552 | 14 662 64 1398 221 193 Core 1 | . . . . . 1 Treads 65 | . 65 . . . . Legs 138 | 14 124 . . . . Wheels 2348 | . 473 64 1398 221 192 Hover . | . . . . . . Flight . | . . . . . . Fastest Speed 80 | 120 80 120 120 110 110 Average Speed 119 | 120 118 120 120 118 116 Slowest Speed 700 | 120 160 120 120 120 700 Overloaded Moves . | . . . . . . Propulsion Burnouts . | . . . . . . Robots Hopped . | . . . . . . Cave-ins Triggered . | . . . . . . Exploration Rate (%) 49 | 2 96 27 91 32 48 Regions Visited 5 Branch Regions 3 Pre-discovered Areas 1 | . . . . 1 . Known Exits Taken . | . . . . . . Unknown Exits Taken 5 | 1 1 1 1 1 . Scrap Searched 2 | . . 1 . 1 . Spaces Dug 3 | . 1 . 2 . . Terrain Destroyed 42 | . 2 1 39 . . Melee . | . . . . . . Projectile 9 | . 2 1 6 . . AOE 33 | . . . 33 . . Terrain Rammed . | . . . . . . Walls Destroyed . | . . . . . . Machines Disabled . | . . . . . . Actions | -11 -10 -10 -9 -9 -9 --------- Run | Yrd Mat Min Mat Min Exi Total 3048 | 21 777 79 1741 231 199 Wait 220 | . 7 6 205 2 . Move 2547 | 13 661 63 1397 220 193 Hop . | . . . . . . Pick Up 46 | 1 24 . 19 1 1 Fast Attach 7 | 1 4 . 2 . . Attach 12 | . 3 . 7 . 2 Detach . | . . . . . . Swap 32 | . 10 4 14 2 2 Drop 39 | . 15 1 19 3 1 Fire 145 | 6 53 5 78 3 . Melee . | . . . . . . Ram . | . . . . . . Kick . | . . . . . . Crush . | . . . . . . Escape Stasis . | . . . . . . Rewire . | . . . . . . Trap . | . . . . . . Miscellaneous . | . . . . . . Route ------- -11/Scrapyard -10/Materials (discovered 4 exits: *Mat x2 / [*Min x2]) -10/Mines -9/Materials (discovered 3 exits: [*Mat x2] / [*Min]) -9/Mines (discovered 2 exits: [*Mat] / *Exi) -9/Exiles (discovered 1 exit: [*Min]) History --------- Turn | Location | Event 18 | -11/Scrapyard | Discovered new exit (range 3) 36 | -11/Scrapyard | Entered Materials 270 | -10/Materials | Discovered new exit (range 12) 300 | -10/Materials | Build established: Mutant 304 | -10/Materials | Core integrity fell below 50% 620 | -10/Materials | Discovered new exit (range 8) 712 | -10/Materials | Discovered new exit (range 10) 812 | -10/Materials | Discovered new exit (range 9) 1035 | -10/Materials | Entered Mines 1040 | -10/Mines | Core integrity fell below 20% 1132 | -10/Mines | Discovered new exit (range 5) 1138 | -10/Mines | Entered Materials 1138 | -9/Materials | Evolved 2 slots: Utility x1, Weapon x1 1269 | -9/Materials | Discovered new exit (range 16) 1476 | -9/Materials | Build established: Skirmisher 2144 | -9/Materials | Build established: Tank 2228 | -9/Materials | Discovered new exit (range 5) 2415 | -9/Materials | Repaired Imp. Light Cannon? 2595 | -9/Materials | Discovered new exit (range 17) 2747 | -9/Materials | Lost 3 parts (3w) 3326 | -9/Materials | Entered Mines 3397 | -9/Mines | Learned location of Zion (-7) 3447 | -9/Mines | Assembled infested the area 3452 | -9/Mines | Assisted by a Guerilla fighting off Assembled 3510 | -9/Mines | Discovered new exit (range 10) 3596 | -9/Mines | Deemed a non-threat by the Exiles lab entrance 3597 | -9/Mines | Discovered new exit (range 5) 3601 | -9/Mines | Entered Exiles 3619 | -9/Exiles | Discovered new exit (range 15) 3629 | -9/Exiles | Met 8R-AWN 3648 | -9/Exiles | Met EX-HEX 3676 | -9/Exiles | Met EX-BIN 3724 | -9/Exiles | Aligned with FarCom system 3725 | -9/Exiles | Given EX-Vault access code 3753 | -9/Exiles | Opened EX-Vault 3763 | -9/Exiles | Found 0b10 Alert Chip 3789 | -9/Exiles | Warned to stay clear of 0b10 Research branches 3801 | -9/Exiles | Attacked by the Exiles 3826 | -9/Exiles | System corruption reached 10% 3827 | -9/Exiles | Core integrity fell below 50% 3829 | -9/Exiles | Core integrity fell below 20% 3832 | -9/Exiles | Destroyed by DAS Turret with DAS Cannon Last Messages --------------- 03801_ System corrupted: Imp. Light Cannon misfires. 03801_ EXILES: Hostile robot within lab perimeter. Defensive protocols time, folks! 03803_ EX-BIN: "I just want to science!" 03815_ Wheel destroyed. 03817_ Hvy. Assault Rifle destroyed. 03817_ Med. Armor Plating destroyed. 03818_ Acquired 4 matter. 03818_ Machine disabled. 03818_ Imp. Light Cannon destroyed. 03819_ Acquired 4 matter. 03819_ Tractor Beam destroyed. 03820_ Lgt. Nuclear Core destroyed. 03822_ Imp. Light Cannon destroyed. 03825_ Com. Wheel destroyed. 03825_ Arm. Wheel destroyed. 03825_ System corrupted by crushing effect (+2). 03825_ System corrupted by crushing effect (+3). 03826_ Wheel destroyed. 03826_ Knocked back. Map ----- +----------------------------------------------------+ | ????????????????????????????"""" ## #???????? | | ???????????????????????????#""X" #???????? | | ???????????????????????????#" #???????? | | ???????????????????????????#" ## #???????? | | ???????????????????????????#""""""?# #?####### | | ???????????????????????????##"###??# #?#"""""" | | ???????????????????????????? ??????# #?#"""""" | | ???????????????????????????????????# #?#"""""" | | ??????????????????????????????????## ###"" """ | | ??????????????????????????????????#" """ | | ??????????????????????????????????#" "" | | ??????????????????????????????????#" "" | | ??????????????????????????????????#" "" | | ??????????????????????????????????#" "" | | ??????????????????????????????????#" "" | | ??????????????????????????????????## "" | | ???????????????????#""?????????????# "" | | ???????????????????#""?????????????#" "X" "" | | ???????????????????#"" ????????????#" """ | | ???????????????????? ????????????#" """""""" | | ?????????????????????" ???????????##" ######### | | ?????????????????????# ?????????##"" #???????? | | ???????????????????#?# ###?######"" #???????? | | ??????????? """#####X# ;"###""""""" ##??????? | | ?????????? """""" " "" ##???### | | ?????????? % @" "" " #####"" | | ?????????? aa " | | ?????????? aa % | | ??????????# % % | | ???????????# a | | ???????????## | | ????????????##" | | ?????????????#""" """""" | | ??????????????" ######""" | | ??????????????" ""##????#####""" | | ??????????????"" """##?????????##""" | | ??????????????" """##???????????#"""" | | ??????????????" ""#????????????#"" | | ?????????????? #?????????????"""" | | ???????????????? ?????????????? | | ?????????????????? ?????????????? | | ???????????????????? ??????????????? | | ??????????????????????? ??????????????? | | ????????????????????????????????????????? | | ?????????????????????????????????????????"" | | ??????????????????????????????????????????"" " " | | ????????????????????????????????????????????#""" " | | ????????????????????????????????????????????????"? | | ?????????????????????????????????????????????????? | | ?????????????????????????????????????????????????? | +----------------------------------------------------+ Best States ------------- Heat Dissipation 50 Energy Generation 14 Energy Capacity 250 Matter Stores 300 Matter Capacity 300 Sight Range 16 Robot Scan Range 14 Terrain Scan Range 16 Terrain Scan Density 10 Armor Coverage 450 Evasion (%) 55 Recoil Reduction 2 Offensive Hacking 10 Item Schematics ----------------- Imp. Light Cannon | -9/Materials | Scanalyzed Arm. Wheel | -9/Materials | Scanalyzed Imp. Treads | -9/Materials | Scanalyzed Plasma Cutter | -9/Materials | Scanalyzed Hcp. Matter Pod | -9/Materials | Scanalyzed Mni. Grenade Launcher | -9/Materials | Scanalyzed Med. Armor Plating | -9/Materials | Scanalyzed Robot Schematics ------------------ None Fabricated ------------ Nothing Alien Tech Used ----------------- None Achievements -------------- None Challenges ------------ None Game ------ Seed GreatHeartTendrils Manual? 0 Play Time 00:45:45 Cumulative 156.0 hours Start 2024.04.26 @ 07:47:30 End 2024.04.26 @ 10:48:19 Sessions 3 Manual Loads 0 Difficulty Rogue Special Mode None Game No. 134 Rogue 128 Adventurer 0 Explorer 6 Win Type - Total 3 Types 3/0/0/0/0/0/0/0/0 Lore% 44 Gallery% 57 Achievement% 47 Wizard Run 0 Options --------- Layout 0 ASCII 0 Keyboard 0 Movement Numpad Keybinds 0 Fullscreen 1 Font 18/SmallcapsGlow Map View 76x50 Zoom Use 0% Tactical HUD 1 Map Filters NONE Filters NONE Steam 1 RUN: 11c3c540-dd53-45e8-a07c-d5eb2cf6a263